 Dungeon Crawl Stone Soup version 0.29.1-15-g9cfb28693d (webtiles) character file.

Game seed: 6483464221631380662

122 Hugehornet the Changer (level 5, -2/33 HPs)
             Began as an Octopode Transmuter on Mar 25, 2023.
             Slain by gargbit's ghost (11 damage)
             ... on level 3 of the Dungeon.
             The game lasted 00:04:19 (4102 turns).

Hugehornet the Changer (Octopode Transmuter)        Turns: 4102, Time: 00:04:19

Health: -2/33      AC:  1    Str:  9    XL:     5   Next: 6%
Magic:  17/17      EV: 13    Int: 17    God:
Gold:   117        SH:  5    Dex: 13    Spells: 2/8 levels left

rFire   . . .      SeeInvis .     - Unarmed
rCold   . . .      Faith    .   (no shield)
rNeg    . . .      Spirit   .   (helmet currently unavailable)
rPois   .          Reflect  +   r - amulet of reflection
rElec   .          Harm     .   f - ring of resist corrosion
rCorr   +          Rampage  .   l - ring of magical power
Will    .....                   (no ring)
Stlth   ++........              (no ring)
HPRegen 0.11/turn               (no ring)
MPRegen 0.15/turn               (no ring)
                                (no ring)
                                (no ring)

@: appendages, flying
A: tentacle spike 3, almost no armour, amphibious, 8 rings, camouflage 1,
gelatinous body 1, (nimble swimmer 1), tentacles
a: End Transformation


You were on level 3 of the Dungeon.
One of your tentacles had grown a beastly spike.
You visited 1 branch of the dungeon, and saw 3 of its levels.

You collected 117 gold pieces.

Inventory:

Hand Weapons
 p - the +1 mace of Armageddon {flame, rElec rPois}
   (You found it on level 3 of the Dungeon)

   It burns those it strikes, dealing additional fire damage.
   rElec:     It insulates you from electricity.
   rPois:     It protects you from poison.
Jewellery
 f - a ring of resist corrosion (left tentacle)
 l - a ring of magical power (right tentacle)
 r - an amulet of reflection (around mantle)
Scrolls
 c - 10 scrolls of identify {unknown}
 d - a scroll of magic mapping {unknown}
 g - 3 scrolls of amnesia {unknown}
 h - 2 scrolls of teleportation {unknown}
 i - 2 scrolls of vulnerability {unknown}
 j - 2 scrolls of fear {unknown}
 k - a scroll of brand weapon {unknown}
 m - a scroll of poison {unknown}
Potions
 a - a potion of lignification
 e - a potion of attraction {unknown}
 n - a potion of resistance {unknown}
 o - a potion of haste {unknown}
 q - a potion of curing {unknown}
 s - a potion of degeneration {unknown}


   Skills:
 - Level 1.0 Fighting
 - Level 2.0 Dodging
 - Level 3.0 Unarmed Combat
 - Level 2.0 Spellcasting
 + Level 4.0 Transmutations
 * Level 3.4 Poison Magic


You had 2 spell levels left.
You knew the following spells:

 Your Spells              Type           Power      Damage    Failure   Level
a - Beastly Appendage     Tmut           30%        N/A       3%          1
b - Spider Form           Tmut/Pois      14%        N/A       13%         3
c - Poisonous Vapours     Pois/Air       14%        N/A       14%         2

Your spell library contained the following spells:

 Spells                   Type           Power      Damage    Failure   Level
 Wereblood                Tmut           15%        N/A       5%          2
 Ice Form                 Ice/Tmut       8%         N/A       63%         4
 Corpse Rot               Necr/Pois/Air  5%         N/A       77%         4


Dungeon Overview and Level Annotations

Branches:
Dungeon (3/15)

Altars:

Annotations:
D:3 gargbit's ghost, amateur DsHu


Innate Abilities, Weirdness & Mutations

One of your tentacles has grown a beastly spike.
You cannot wear most types of armour.
You are amphibious.
You can wear up to eight rings at the same time.
Your skin changes colour to match your surroundings (Stealth+).
Your rubbery body absorbs attacks. (AC +1, EV +1)
((You are camouflaged when in or above water. (Stealth+)))
You have tentacles for arms and can constrict up to eight enemies at once.


Message History

Could not explore, unopened runed door.
Casting: Beastly Appendage (safe; 3% risk of failure)
Confirm with . or Enter, or press ? or * to list all spells.
You can't see any susceptible monsters within range! (Use Z to cast anyway.)
You open the gate.
Casting: Beastly Appendage (safe; 3% risk of failure)
Confirm with . or Enter, or press ? or * to list all spells.
You can't see any susceptible monsters within range! (Use Z to cast anyway.)
Casting: Beastly Appendage (safe; 3% risk of failure)
Confirm with . or Enter, or press ? or * to list all spells.
One of your tentacles grows a vicious spike.
The water moccasin zombie bites you.
You tentacle-slap gargbit's ghost but do no damage.
You closely miss gargbit's ghost.
Your tentacle spike misses gargbit's ghost.
You tentacle-slap gargbit's ghost.
Gargbit's ghost is lightly damaged.
The water moccasin skeleton misses you. You block gargbit's ghost's attack.
You tentacle-slap gargbit's ghost.
Your tentacle spike misses gargbit's ghost.
You squeeze gargbit's ghost, but do no damage.
Gargbit's ghost is lightly damaged.
The water moccasin skeleton bites you. Gargbit's ghost barely misses you.
You tentacle-slap gargbit's ghost but do no damage.
You pierce gargbit's ghost.
You squeeze gargbit's ghost.
Gargbit's ghost is moderately damaged.
The water moccasin skeleton bites you. The water moccasin zombie bites you.
Gargbit's ghost hits you.
You closely miss gargbit's ghost.
Your tentacle spike misses gargbit's ghost.
Gargbit's ghost is moderately damaged.
The water moccasin skeleton bites you!
* * * LOW HITPOINT WARNING * * *
The water moccasin zombie barely misses you.
It was a potion of flight.
You feel very buoyant.
You fly up into the air.
You block the water moccasin skeleton's attack.
Gargbit's ghost hits you!
You die...

#.♣♣P♣P..PP♣♣.....########## ##.
#.♣♣PPP.PP..♣.#..## ### ###..
#.♣.###'###.♣.##.#######.# ##...#
#.♣♣#.....#♣♣....#.#.#.#.###..#..
#.♣÷#..8..#÷♣....#.....#.#...###.
..♣♣#.....#♣♣....'...$##.#.#####.
....##♣'♣##.....Z'...?.#...####..
...............ZZW....##...##....
.......###.####.@#Z....###.##.###
.......###.# #..#.#.#.#......###
.......##..#############.##.#...#
###..........#......(.#####.#...#
#..............###### #.#...#
#...........#### #.#..[.
#.>........## #.....#
#..........# ###...# #..........#
#...#


You could see gargbit's ghost, a water moccasin zombie, a water moccasin
skeleton, a bullfrog skeleton and a howler monkey skeleton.

Vanquished Creatures
  4 adders
  A worm (D:3)
  4 dart slugs
  2 bats
  3 endoplasms
  7 giant cockroaches
  10 goblins
  7 hobgoblins
  8 jackals
  4 quokkas
  A ball python (D:3)
  8 frilled lizards
  4 kobolds
  7 rats
70 creatures vanquished.

Notes
Turn   | Place    | Note
-------+----------+-------------------------------------------
     0 | D:1      | Hugehornet the Octopode Transmuter began the quest for the
                  | Orb.
     0 | D:1      | Reached XP level 1. HP: 13/13 MP: 3/3
   243 | D:1      | Reached XP level 2. HP: 13/18 MP: 3/5
   476 | D:1      | Reached skill level 3 in Transmutations
  1002 | D:1      | Reached XP level 3. HP: 21/23 MP: 4/6
  1006 | D:1      | Learned a level 3 spell: Spider Form
  1656 | D:2      | Reached skill level 1 in Poison Magic
  2128 | D:2      | Reached XP level 4. HP: 28/28 MP: 5/7
  2802 | D:2      | Found the +4 robe of Augmentation {Str+4 Int+4 Dex+4}
  2925 | D:2      | Learned a level 2 spell: Poisonous Vapours
  3453 | D:3      | Identified the +1 mace of Armageddon {flame, rElec rPois}
  3477 | D:3      | Found a runed translucent gate.
  3477 | D:3      | Found a runed translucent gate.
  3477 | D:3      | Found a runed translucent gate.
  3479 | D:3      | Noticed gargbit's ghost (amateur DsHu)
  3614 | D:3      | Reached skill level 4 in Transmutations
  3614 | D:3      | Reached XP level 5. HP: 12/33 MP: 8/8
  4039 | D:3      | Found a faded altar of an unknown god.
  4102 | D:3      | Slain by gargbit's ghost

Illustrated notes

Levels and vault maps discovered:
D:1:      heliophobic_arrival_enchanted_forest, layout_loops_corners,
          chequers_serial_rivers_micro_e, amcnicky_mini_pool_small
D:2:      minmay_general_purpose_star, layout_basic
D:3:      layout_rooms, gammafunk_ghost_necromancy,
          dilly_ecumenical_altar_fadedgnrine, minmay_cut_off

Skill      XL: |  1  2  3  4 |
---------------+-------------+-----
Transmutations | 3 4 |  4.0
Poison Magic   | 2 3 |  3.4
Fighting       | |  1.0
Dodging        | |  2.0
Unarmed Combat | |  3.0
Spellcasting   | |  2.0

Action                   |  1- 3 |  4- 6 || total
-------------------------+-------+-------++-------
Melee: Unarmed           |    87 |    58 ||   145
       Constrict         |    29 |    16 ||    45
       Kick              |    29 |    15 ||    44
       Tentacles         |    12 |     9 ||    21
       Punch             |     2 |     1 ||     3
 Cast: Beastly Appendage |    23 |    19 ||    42
       Poisonous Vapours |       |     8 ||     8
  Use: Potion            |       |     1 ||     1
 Stab: Sleeping          |     6 |     3 ||     9
Armor: Skin              |     5 |     2 ||     7
Dodge: Dodged            |    43 |    31 ||    74
Block: Other             |       |     3 ||     3
